 Dungeon Crawl Stone Soup version 0.29-a0-321-gf1c400731a (webtiles) character file.

Game seed: 6658609418978015432

746 Ajdolov the Carver (level 7, -12/56 HPs)
             Began as a Merfolk Gladiator on Apr 3, 2022.
             Mangled by a mummy (17 damage)
             ... in an ossuary.
             The game lasted 00:08:09 (4748 turns).

Ajdolov the Carver (Merfolk Gladiator)              Turns: 4748, Time: 00:08:09

Health: -12/56     AC:  7    Str: 14    XL:     7   Next: 77%
Magic:  7/7        EV: 12    Int:  7    God:
Gold:   230        SH:  4    Dex: 18    Spells: 6/6 levels left

rFire   . . .      SeeInvis .   a - +0 long sword
rCold   . . .      Faith    .   g - +0 buckler
rNeg    . . .      Spirit   .   h - +0 ring mail
rPois   .          Reflect  .   c - +0 helmet
rElec   .          Harm     .   (no cloak)
rCorr   .          Rampage  .   (no gloves)
Will    .....                   j - +0 pair of boots
Stlth   +.........              (no amulet)
HPRegen 0.18/turn               (no ring)
MPRegen 0.10/turn               (no ring)

@: mighty, marked
A: (nimble swimmer 2), mertail
a: no special abilities


You were in an ossuary.
You visited 1 branch of the dungeon, and saw 5 of its levels.
You also visited: Ossuary.

You collected 230 gold pieces.

Inventory:

Hand Weapons
 a - a +0 long sword (weapon)
Missiles
 d - 3 throwing nets (quivered)
 e - a javelin
 v - 16 poisoned darts
Armour
 c - a +0 helmet (worn)
 g - a +0 buckler (worn)
 h - a +0 ring mail (worn)
 j - a +0 pair of boots (worn)
Wands
 p - a wand of flame (14)
 x - a wand of digging (6)
 y - a wand of mindburst (8)
Scrolls
 b - 7 scrolls of identify {unknown}
 f - 3 scrolls of holy word {unknown}
 i - a scroll of fog {unknown}
 k - 5 scrolls of teleportation {unknown}
 m - 2 scrolls of amnesia {unknown}
 o - 3 scrolls of immolation {unknown}
 q - a scroll of noise {unknown}
 u - a scroll of enchant weapon {unknown}
Potions
 l - a potion of heal wounds {unknown}
 n - a potion of brilliance {unknown}
 r - a potion of degeneration
 t - 2 potions of mutation {unknown}
 w - a potion of invisibility {unknown}
 z - a potion of lignification {unknown}


   Skills:
 + Level 5.5 Fighting
 * Level 9.0 Long Blades
 - Level 2.0 Throwing
 - Level 4.0 Dodging


You had 6 spell levels left.
You didn't know any spells.
Your spell library contained the following spells:

 Spells                   Type           Power      Damage    Failure   Level
 Gell's Gravitas          Tloc           0%         N/A       99%         3
 Lesser Beckoning         Tloc           0%         N/A       99%         3
 Teleport Other           Tloc           0%         N/A       99%         3
 Hailstorm                Conj/Ice       0%         3d3       100%        4
 Ice Form                 Ice/Tmut       0%         N/A       100%        4
 Simulacrum               Ice/Necr       0%         N/A       100%        6


Dungeon Overview and Level Annotations

Branches:
Dungeon (5/15)            Ossuary (1/1)
 Temple: D:4-7

Altars:
Wu Jian

Annotations:
D:2 Sigmund


Innate Abilities, Weirdness & Mutations

((You are very nimble when in or above water. (Stealth+, EV+, Speed+++)))
Your lower body shifts to a powerful aquatic tail in water.


Message History

You hit the mummy but do no damage.
The mummy is almost destroyed.
The mummy hits you but does no damage.
You slash the mummy!
You destroy the mummy!
Your Long Blades skill increases to level 9!
You hit the mummy.
The mummy is lightly damaged.
You block the mummy's attack.
You slash the mummy!
The mummy is heavily damaged.
You hit the mummy.
The mummy is severely damaged.
You block the mummy's attack.
You hit the mummy but do no damage.
The mummy is severely damaged.
You hit the mummy.
The mummy is almost destroyed.
You block the mummy's attack.
You hit the mummy but do no damage.
The mummy is almost destroyed.
The mummy hits you!
* * * LOW HITPOINT WARNING * * *
You hit the mummy.
The mummy is almost destroyed.
You feel very mighty all of a sudden. The mummy closely misses you.
You slice the mummy!!
You destroy the mummy!
The mummy closely misses you.
There is an open door here.
You barely miss the mummy. You slash the mummy!
The mummy is heavily damaged.
The mummy hits you!
* * * LOW HITPOINT WARNING * * *
You hit the mummy.
The mummy is severely damaged.
The mummy hits you!
You die...

#^# ###'### +.##
##.....##
#..###.......## .
+...#.........#..
#...'....⌠....'.
+...#.........#
#..###.......##
+M## ##..M..##
#.# ###@### #.#
#.# !!. ##.## !?!
#.∩.# #### #.∩.#
#####


You could see a mummy.

Vanquished Creatures
  An ice beast (D:4)
  A black bear (D:4)
  2 ogres (D:4)
  A necrophage (D:4)
  A gnoll shaman (D:3)
  2 hounds (D:4)
  2 orc priests
  3 mummies (Ossuary)
  3 gnolls (D:4)
  4 adders
  A worm (D:2)
  4 dart slugs
  6 orcs (D:3)
  A bat (D:2)
  4 endoplasms
  2 giant cockroaches
  3 goblins (D:1)
  15 hobgoblins
  9 kobolds
  2 quokkas (D:4)
  8 ball pythons
  3 frilled lizards
  7 rats
85 creatures vanquished.

Notes
Turn   | Place    | Note
-------+----------+-------------------------------------------
     0 | D:1      | Ajdolov the Merfolk Gladiator began the quest for the Orb.
     0 | D:1      | Reached XP level 1. HP: 16/16 MP: 1/1
   150 | D:1      | Reached skill level 4 in Long Blades
   155 | D:1      | Reached XP level 2. HP: 14/23 MP: 2/2
   664 | D:1      | Found a faded altar of an unknown god.
   698 | D:1      | Reached XP level 3. HP: 20/28 MP: 3/3
  1109 | D:2      | Noticed Sigmund
  1301 | D:2      | Reached skill level 5 in Long Blades
  1831 | D:2      | Reached XP level 4. HP: 26/35 MP: 4/4
  2259 | D:3      | Reached XP level 5. HP: 36/41 MP: 5/5
  2935 | D:3      | Reached skill level 6 in Long Blades
  3360 | D:4      | Noticed an ogre
  3388 | D:4      | Killed an ogre
  3389 | D:4      | Reached skill level 7 in Long Blades
  3389 | D:4      | Reached XP level 6. HP: 49/49 MP: 6/6
  3802 | D:4      | Reached skill level 5 in Fighting
  3802 | D:4      | Reached skill level 8 in Long Blades
  3802 | D:4      | Reached XP level 7. HP: 56/56 MP: 7/7
  3964 | D:4      | Found an ornate altar of the Wu Jian Council.
  4524 | D:5      | Entered Level 5 of the Dungeon
  4674 | D:5      | Found a sand-covered staircase.
  4682 | Ossuary  | Entered an ossuary
  4736 | Ossuary  | Reached skill level 9 in Long Blades
  4748 | Ossuary  | Mangled by a mummy

Illustrated notes

Levels and vault maps discovered:
D:1:      mrwooster_arrival_arrow, layout_basic,
          hellmonk_ecumenical_altar_run_dry
D:2:      layout_loops_ring, minmay_randomly_rotated_circles, uniq_sigmund
D:3:      layout_basic
D:4:      layout_basic, nicolae_overflow_crystal_walls
D:5:      layout_basic, lemuel_temple_firewalk_b, chequers_ossuary_entry_cave
Ossuary:  ossuary_crypta

Skill      XL: |  1  2  3  4  5  6  7 |
---------------+----------------------+-----
Long Blades    | 4 5 7 8 9 |  9.0
Fighting       | 3 4 5 |  5.5
Throwing       | |  2.0
Dodging        | |  4.0

Action                   |  1- 3 |  4- 6 |  7- 9 || total
-------------------------+-------+-------+-------++-------
Melee: Long sword        |   112 |   119 |    72 ||   303
       Punch             |       |     2 |     1 ||     3
Throw: Dart              |       |     3 |       ||     3
       Javelin           |       |     1 |       ||     1
       Throwing net      |       |     1 |       ||     1
  Use: Potion            |       |       |     1 ||     1
Armor: Leather armour    |     6 |       |       ||     6
       Ring mail         |    63 |    30 |    14 ||   107
Dodge: Dodged            |    91 |    69 |    25 ||   185
Block: Buckler           |       |       |     3 ||     3

Table legend: (Time is in decaauts)
 A = Elapsed time spent in this place.
 B = Non-inter-level travel time spent in this place.
 C = Inter-level travel time spent in this place.
 D = Time resting spent in this place.
 E = Time spent auto-exploring this place.
 F = Levels seen in this place.
 G = Mean time per level.
                   A        B        C        D        E       F      G
               +--------+--------+--------+--------+--------+-----+--------+
         Total |   4782 |   4607 |    175 |    598 |   2907 |   6 |  797.0 |
       Dungeon |   4717 |   4542 |    175 |    598 |   2907 |   5 |  943.4 |
       Ossuary |     65 |     65 |      0 |      0 |      0 |   1 |   65.0 |
               +--------+--------+--------+--------+--------+-----+--------+

Top non-repeatable levels by time:
     D:3: 1439 daAuts
     D:1: 1303 daAuts
     D:4: 1239 daAuts
     D:2: 577 daAuts
     D:5: 157 daAuts
 Ossuary: 65 daAuts
